 Dungeon Crawl Stone Soup version 0.22.1-2-g9c5b331383 (webtiles) character file.

42 Ivernyr the Chiller (level 3, -1/16 HPs)
             Began as a Vine Stalker Ice Elementalist on Nov 16, 2018.
             Was an Initiate of Ashenzari.
             Slain by an orc
             ... wielding a +0 mace
              (7 damage)
             ... on level 3 of the Dungeon on Nov 17, 2018.
             The game lasted 00:06:57 (1977 turns).

Ivernyr the Chiller (Vine Stalker Ice Elementalist) Turns: 1977, Time: 00:06:57

Health: -1/16      AC:  2    Str: 10    XL:     3   Next: 56%
Magic:  0/8        EV: 12    Int: 16    God:    Ashenzari [......]
Gold:   82         SH:  0    Dex: 14    Spells: 3/7 levels left

rFire    . . .     SeeInvis .   n - +0 mace (crush)
rCold    . . .     Gourm    .   (no shield)
rNeg     . . .     Faith    .   a - +0 robe
rPois    .         Spirit   +   (no helmet)
rElec    .         Reflect  .   (no cloak)
rCorr    .         Harm     .   (no gloves)
MR       .....                  (no boots)
Stlth    ++........             (no amulet)
HPRegen  0.05/turn              (no ring)
MPRegen  0.11/turn              (no ring)

@: very slightly contaminated
A: fangs 2, magic shield, antimagic bite, no potion heal 3, rot immunity
a: Curse Item, Renounce Religion


You were on level 3 of the Dungeon.
You worshipped Ashenzari.
Ashenzari was noncommittal.
You were hungry.

You visited 1 branch of the dungeon, and saw 3 of its levels.

You collected 82 gold pieces.

Inventory:

Hand Weapons
 n - a +0 mace of crushing (weapon)
Armour
 a - a +0 robe (worn)
Jewellery
 f - an uncursed ring of stealth
Scrolls
 d - a scroll of blinking {unknown}
 e - 2 scrolls of teleportation {unknown}
 g - a scroll of random uselessness {unknown}
 j - a scroll of magic mapping {unknown}
 k - 3 scrolls of amnesia {unknown}
 o - 2 scrolls of identify {unknown}
 p - a scroll of immolation {unknown}
 q - 2 scrolls of remove curse
Potions
 b - a potion of heal wounds {unknown}
 h - a potion of degeneration {unknown}
 i - a potion of ambrosia {unknown}
 m - a potion of resistance {unknown}
Comestibles
 c - 3 rations


   Skills:
 + Level 2.0 Dodging
 - Level 2.4 Stealth
 + Level 2.6 Spellcasting
   Level 1.0 Conjurations
 * Level 3.8 Ice Magic


You had 3 spell levels left.
You knew the following spells:

 Your Spells              Type           Power        Failure   Level  Hunger
a - Freeze                Ice            ##..         4%          1    #......
b - Ozocubu's Armour      Chrm/Ice       #.......     26%         3    ###....

Your spell library contained the following spells:

 Spells                   Type           Power        Failure   Level  Hunger
 Throw Frost              Conj/Ice       #.....       11%         2    ##.....
 Throw Icicle             Conj/Ice       #.......     56%         4    #####..
 Summon Ice Beast         Ice/Summ       #.......     65%         4    #####..


Dungeon Overview and Level Annotations

Branches:
Dungeon (3/15)

Altars:
Ashenzari
Gozag
Okawaru
Trog
Uskayaw


Innate Abilities, Weirdness & Mutations

You have extremely sharp teeth.
When hurt, damage is shared between your health and your magic reserves.
Your bite disrupts and absorbs the magic of your enemies.
Potions cannot restore your health.
You are immune to rotting.


Message History

Confirm with . or Enter, or press ? or * to list all spells.
Aiming: Freeze (safe; 4% risk of failure)
Press: ? - help, Shift-Dir - straight line, f/p - orc
Aim: an orc, wielding a mace and wearing a leather armour (lightly wounded)
You freeze the orc.
You kill the orc!
The orc misses you.
Casting: Freeze (safe; 4% risk of failure)
Confirm with . or Enter, or press ? or * to list all spells.
Aiming: Freeze (safe; 4% risk of failure)
Press: ? - help, Shift-Dir - straight line, f - orc
Aim: an orc, wielding a mace You freeze the orc.
The orc is heavily wounded.
The orc hits you with a mace! The orc hits you but does no damage.
Things that are here:
an uncursed dagger; a goblin skeleton
There is a stone staircase leading up here.
The orc hits you with a mace!
You die...

...... #.... . ##...
..#####...#
........#.#
....###...#
.##.......###### .
.......oo.oK...####...
....#..@####).).......
... #.### ##.K)##...
## ... ###.......
..#.. ....... .# ###
....... ####... .. .


You could see 3 orcs and a kobold.

Vanquished Creatures
  2 worms (D:2)
  2 orcs
  2 giant cockroaches (D:2)
  4 goblins
  5 hobgoblins
  2 kobolds (D:2)
  2 quokkas (D:3)
  6 bats
  4 frilled lizards
  3 rats
32 creatures vanquished.

Notes
Turn   | Place    | Note
-------+----------+-------------------------------------------
     0 | D:1      | Ivernyr the Vine Stalker Ice Elementalist began the quest
                  | for the Orb.
     0 | D:1      | Reached XP level 1. HP: 9/9 MP: 4/4
   250 | D:1      | Reached XP level 2. HP: 13/13 MP: 3/6
  1265 | D:2      | Reached XP level 3. HP: 16/16 MP: 5/7
  1418 | D:2      | Found a bloodstained altar of Trog.
  1421 | D:2      | Found a hide-covered altar of Uskayaw.
  1424 | D:2      | Found an iron altar of Okawaru.
  1425 | D:2      | Found an opulent altar of Gozag.
  1425 | D:2      | Found a shattered altar of Ashenzari.
  1466 | D:2      | Became a worshipper of Ashenzari the Shackled
  1933 | D:2      | Learned a level 3 spell: Ozocubu's Armour
  1977 | D:3      | Slain by an orc

Skill      XL: |  1  2  3 |
---------------+----------+-----
Dodging        | 2 |  2.0
Stealth        | |  2.4
Spellcasting   | |  2.6
Conjurations   | |  1.0
Ice Magic      | |  3.8

Action                   || total
-------------------------++-------
Melee: Unarmed           ||     3
       Mace              ||     8
       Bite              ||     3
 Cast: Freeze            ||    47
 Stab: Sleeping          ||     1
  Eat: Chunk             ||     3
Armor: Robe              ||     5
Dodge: Dodged            ||    21
